 Dungeon Crawl Stone Soup version bcrawl-1.28.1b (webtiles) character file.

Game seed: 6183099544218765594

205407 Adamkad1 the Digger (level 7, -9/50 HPs)
             Began as a Sand Dwarf Earth Elementalist on Dec 17, 2020.
             Killed by divine providence
             ... invoked by an orc priest
              (10 damage)
             ... on level 4 of the Dungeon.
             The game lasted 00:12:55 (4530 turns).

Adamkad1 the Digger (Sand Dwarf Earth Elementalist) Turns: 4530, Time: 00:12:56

Health: -9/50      AC: 11    Str: 13    XL:     7   Next: 90%
Magic:  1/13       EV:  6    Int: 17    God:
Gold:   367        SH:  0    Dex: 11    Spells: 7/15 levels left

rFire    . . .     SeeInvis .   a - +0 dagger
rCold    . . .     Gourm    .   (shield restricted)
rNeg     . . .     Faith    .   m - +0 plate armour
rPois    .         Spirit   .   (no helmet)
rElec    .         Reflect  .   (no cloak)
rCorr    .         Harm     .   (no gloves)
MR       .....                  (no boots)
Stlth    ..........             (no amulet)
HPRegen  0.16/turn              (no ring)
MPRegen  0.13/turn              (no ring)

@: lethally poisoned (-9 -> -10), hasted, quick
A: small, slowness 1, armour attunement
a: no special abilities


You were on level 4 of the Dungeon.
You were hungry.

You visited 1 branch of the dungeon, and saw 4 of its levels.

You collected 367 gold pieces.

Inventory:

Hand Weapons
 a - a +0 dagger (weapon)
 i - a +0 dagger
Missiles
 b - 148 stones (quivered)
Armour
 c - a +0 robe
 m - a +0 plate armour (worn)
Jewellery
 g - a +3 ring of intelligence
Wands
 h - a wand of polymorph (22)
Scrolls
 f - 2 scrolls of identify
 k - 3 scrolls of teleportation {unknown}
 l - a scroll of magic mapping {unknown}
 n - a scroll of enchant armour {unknown}
Potions
 d - a potion of might {unknown}
 j - a potion of haste
Comestibles
 e - 4 rations {!d}
 o - a chunk of flesh


   Skills:
 + Level 3.2 Armour
 - Level 2.6 Dodging
 - Level 2.7 Stealth
 * Level 4.5 Spellcasting
 + Level 1.0 Conjurations
 + Level 1.6 Transmutations
 * Level 6.4 Earth Magic


You had 7 spell levels left.
You knew the following spells:

 Your Spells              Type           Power        Failure   Level  Hunger
a - Sandblast             Erth           ####..       1%          1    None
b - Stone Arrow           Conj/Erth      ###...       10%         3    ###....
c - Petrify               Tmut/Erth      ###.......   28%         4    #####..

Your spell library contained the following spells:

 Spells                   Type           Power        Failure   Level  Hunger
 Passwall                 Tmut/Erth      ###.....     4%          2    None
 Lee's Rapid Deconstruct  Erth           ####......   28%         5    ######.


Dungeon Overview and Level Annotations

Branches:
Dungeon (4/12)
 Temple: D:4-7

Altars:


Innate Abilities, Weirdness & Mutations

You are small and have problems with some larger weapons.
You cover ground slowly.
Armour does not affect your spellcasting.


Message History

* * * LOW HITPOINT WARNING * * *
The orc hits you but does no damage.
You hit the orc but do no damage.
The orc is almost dead.
The adder bites you but does no damage.
You hit the orc.
You kill the orc!
The orc wizard gestures wildly while chanting.
The orc wizard flickers and vanishes!
Deactivating autopickup; reactivate with Ctrl-A.
The adder bites you but does no damage.
The orc priest hits you but does no damage.
Things that are here:
a +0 leather armour; a +0 war axe; a potion of heal wounds You hit the orc priest but do no damage.
* * * LOW HITPOINT WARNING * * *
You feel sick.
The orc priest invokes the aid of Beogh against you.
Beogh smites you!
You die...

.....# #.#.##.# .....###
#...##.# .......#
#.####.# ...###.#
#.####.# ..####.#
#......#
.....#.###.#############
...........### #.......#
.....#.#####.###S#
.......# ##...##@#####.
##.##### #.....{o.......
#.# ##...##.#####.. #.#
##.###.# #.# #.# #..
##.## #.###### . #...#
#....# .. #...# ####o#
####o.. #...# #.#
.......


You could see an orc priest and an adder.

Vanquished Creatures
  Grinder (D:3)
  A sky beast (D:3)
  2 crimson imps
  2 hounds
  A centaur skeleton (D:4)
  An orc wizard (D:3)
  Jessica (D:2)
  An iguana (D:3)
  Natasha (thrice) (D:3)
  2 worker ants
  A worker ant zombie (D:4)
  4 gnolls
  3 adders
  An ooze (D:1)
  5 worms
  A dart slug (D:3)
  7 leopard geckos
  3 orcs (D:4)
  6 bats
  5 goblins
  4 hobgoblins
  11 jackals
  4 quokkas
  6 frilled lizards
  5 kobolds
  7 rats
88 creatures vanquished.

Notes
Turn   | Place    | Note
-------+----------+-------------------------------------------
     0 | D:1      | Adamkad1 the Sand Dwarf Earth Elementalist began the quest
                  | for the Orb.
     0 | D:1      | Reached XP level 1. HP: 14/14 MP: 3/3
   174 | D:1      | Reached XP level 2. HP: 10/20 MP: 1/5
   543 | D:1      | Reached skill level 4 in Earth Magic
  1031 | D:2      | Found a faded altar of an unknown god.
  1132 | D:2      | Reached XP level 3. HP: 26/26 MP: 1/6
  1161 | D:2      | Learned a level 3 spell: Stone Arrow
  1821 | D:2      | Noticed Jessica
  1823 | D:2      | Killed Jessica
  1824 | D:2      | Reached XP level 4. HP: 33/33 MP: 4/8
  1931 | D:3      | Noticed Grinder
  1934 | D:3      | Paralysed by Grinder for 4 turns
  1960 | D:3      | Paralysed by Grinder for 3 turns
  1973 | D:3      | Paralysed by Grinder for 2 turns
  1978 | D:3      | Killed Grinder
  1979 | D:3      | Reached skill level 1 in Armour
  1979 | D:3      | Reached skill level 5 in Earth Magic
  1979 | D:3      | Reached XP level 5. HP: 38/38 MP: 8/10
  1979 | D:3      | Reached XP level 6. HP: 45/45 MP: 8/11
  2490 | D:3      | Learned a level 4 spell: Petrify
  2687 | D:3      | Noticed Natasha
  2691 | D:3      | Killed Natasha
  3116 | D:4      | Reached XP level 7. HP: 50/50 MP: 0/12
  3202 | D:3      | Reached skill level 1 in Transmutations
  3254 | D:3      | Noticed Natasha
  3257 | D:3      | Killed Natasha
  3763 | D:4      | Reached skill level 6 in Earth Magic
  3931 | D:3      | Noticed Natasha
  3942 | D:3      | Killed Natasha
  4417 | D:4      | Reached skill level 1 in Conjurations
  4526 | D:4      | HP: 2/50 [adder (3)]
  4530 | D:4      | Killed from afar by an orc priest

Skill      XL: |  1  2  3  4  5  6  7 |
---------------+----------------------+-----
Earth Magic    | 4 5 6 |  6.4
Dodging        | 2 |  2.6
Stealth        | 2 |  2.7
Armour         | 1 2 3 |  3.2
Spellcasting   | 3 4 |  4.5
Transmutations | 1 |  1.6
Conjurations   | 1 |  1.0

Action                   |  1- 3 |  4- 6 |  7- 9 || total
-------------------------+-------+-------+-------++-------
Melee: Unarmed           |   115 |    13 |     6 ||   134
       Dagger            |       |   113 |    55 ||   168
 Cast: Sandblast         |    28 |    12 |    31 ||    71
       Stone Arrow       |     1 |    20 |    30 ||    51
  Use: Potion            |       |     5 |     2 ||     7
 Stab: Sleeping          |     3 |       |       ||     3
  Eat: Chunk             |     7 |     7 |    12 ||    26
       Ration            |       |     1 |       ||     1
Armor: Robe              |     8 |       |       ||     8
       Plate armour      |    24 |    98 |    99 ||   221
       Skin              |       |    12 |     1 ||    13
Dodge: Dodged            |    80 |    41 |    35 ||   156
